 Dungeon Crawl Stone Soup version 0.20-a0-266-gdedccd6 (webtiles) character file.

93 KristoblXynda the Stinger (level 4, -1/33 HPs)
             Began as a Draconian Venom Mage on Dec 5, 2016.
             Was an Initiate of Vehumet.
             Killed from afar by Sigmund (12 damage)
             ... with a puff of flame
             ... on level 2 of the Dungeon.
             The game lasted 00:07:47 (1833 turns).

KristoblXynda the Stinger (Draconian Venom Mage)    Turns: 1833, Time: 00:07:48

Health: -1/33      AC:  8    Str: 11    XL:     4   Next: 37%
Magic:  6/8        EV: 12    Int: 16    God:    Vehumet [......]
Gold:   58         SH:  0    Dex: 11    Spells: 4/8 levels left

rFire  . . .     SeeInvis .     k - +2 spear (pain)
rCold  . . .     Gourm    .     (armour unavailable)
rNeg   . . .     Faith    .     (no shield)
rPois  .         Spirit   .     (helmet restricted)
rElec  .         Reflect  .     g - +2 cloak
rCorr  .         Harm     .     (no gloves)
MR     .....                    (no boots)
Stlth  ++........               (no amulet)
                                (no ring)
                                (no ring)

@: no status effects
A: unfitting armour, cold-blooded, AC +5
a: Renounce Religion


You were on level 2 of the Dungeon.
You worshipped Vehumet.
Vehumet was noncommittal.
You were not hungry.

You visited 1 branch of the dungeon, and saw 2 of its levels.

You collected 58 gold pieces.

Inventory:

Hand Weapons
 k - a +2 spear of pain (weapon)
 n - a +0 broad axe
Armour
 g - a +2 cloak (worn)
Wands
 f - a wand of random effects (21/48)
Scrolls
 i - a scroll of fog
 j - 2 scrolls of amnesia {unknown}
 m - a scroll of fear {unknown}
Potions
 e - a potion of flight {unknown}
 h - a potion of agility
Books
 a - a Young Poisoner's Handbook

   Spells                             Type                      Level
   a - Sting                          Conjuration/Poison           1
   b - Mephitic Cloud                 Conjuration/Poison/Air       3
   c - Olgreb's Toxic Radiance        Poison                       4
   d - Alistair's Intoxication        Transmutation/Poison         5
   e - Venom Bolt                     Conjuration/Poison           5
Comestibles
 b - a bread ration
 d - 2 meat rations
 l - a chunk of flesh


   Skills:
 - Level 1.7 Dodging
 - Level 1.7 Stealth
 + Level 2.9 Spellcasting
 + Level 2.0 Conjurations
 + Level 4.7 Poison Magic


You had 4 spell levels left.
You knew the following spells:

 Your Spells              Type           Power        Failure   Level  Hunger
a - Sting                 Conj/Pois      ##..         6%          1    #......
b - Mephitic Cloud        Conj/Pois/Air  #.......     21%         3    ###....


Dungeon Overview and Level Annotations

Branches:
Dungeon (2/15)

Altars:
Ashenzari
Dithmenos
Gozag
Kikubaaqudgha
Makhleb
Nemelex Xobeh
Okawaru
Qazlal
Sif Muna
Vehumet

Annotations:
D:2 Sigmund


Innate Abilities, Weirdness & Mutations

Your plain brown scales are hard. (AC +5)
You cannot fit into any form of body armour.
You are cold-blooded and may be slowed by cold attacks.


Message History

Sigmund hits you with a vampiric scythe.
Casting: Sting
Confirm with . or Enter, or press ? or * to list all spells.
Aiming: Sting
Press: ? - help, Shift-Dir - straight line, f/p - Sigmund
Aim: Sigmund, wielding a vampiric scythe and wearing a robe (heavily wounded, poisoned, heavily drained)
The sting hits Sigmund.
Sigmund is severely wounded.
Sigmund looks more healthy.
Sigmund hits you with a vampiric scythe!
You closely miss Sigmund.
Sigmund is severely wounded.
You hit Sigmund.
Your tail-slap misses Sigmund.
Sigmund is almost dead.
Sigmund closely misses you.
You hit Sigmund.
Sigmund is almost dead.
Sigmund gestures at you while chanting. The puff of flame hits you!
You die...

.#.#.#..######.##.#.#
.#.#.#............#.##
.#.#.#...#####.####..+
.#.#.#.#.#####.#..<#
.#...#...........#...#
.......(...###.###.#.#
...........+.......#.#
#..........###.#####.######
#.....(.........@@.#@......
#.......#....#.###.#.......
#.......#....#.# #†#..h....
#.......#....#.# #.#.......
#......)#....#.# #.......h.
###.....#..###.# ####......
# #.....#..# #.# ..... #
#.....#... #.# ##..
############ ... #


You could see Sigmund.

Vanquished Creatures
  Robin (D:2)
  2 worms (D:2)
  2 dart slugs (D:1)
  2 leopard geckos
  7 giant cockroaches
  11 goblins (D:2)
  7 hobgoblins
  12 jackals
  4 kobolds
  5 bats
  3 frilled lizards
  6 rats
62 creatures vanquished.

Notes
Turn   | Place    | Note
-------+----------+-------------------------------------------
     0 | D:1      | KristoblXynda the Draconian Venom Mage began the quest for the Orb.
     0 | D:1      | Reached XP level 1. HP: 14/14 MP: 3/3
    79 | D:1      | Reached skill level 1 in Conjurations
    90 | D:1      | Reached XP level 2. HP: 20/20 MP: 0/5
   534 | D:1      | Reached XP level 3. HP: 23/26 MP: 6/6
   747 | D:1      | Found a radiant altar of Vehumet.
   768 | D:2      | Noticed Sigmund
   775 | D:1      | Learned a level 3 spell: Mephitic Cloud
  1007 | D:2      | Found a radiant altar of Vehumet.
  1010 | D:2      | Found a sparkling altar of Nemelex Xobeh.
  1021 | D:2      | Found a deep blue altar of Sif Muna.
  1021 | D:2      | Found an opulent altar of Gozag.
  1021 | D:2      | Found a burning altar of Makhleb.
  1021 | D:2      | Found an iron altar of Okawaru.
  1022 | D:2      | Found an ancient bone altar of Kikubaaqudgha.
  1025 | D:2      | Became a worshipper of Vehumet
  1028 | D:2      | Found a shattered altar of Ashenzari.
  1029 | D:2      | Found a shadowy altar of Dithmenos.
  1031 | D:2      | Found a stormy altar of Qazlal.
  1425 | D:2      | Noticed Robin
  1456 | D:2      | Reached XP level 4. HP: 30/33 MP: 2/8
  1609 | D:2      | Killed Robin
  1833 | D:2      | Killed from afar by Sigmund

Vault maps used:
D:1:      dpeg_arrival_water_altar
D:2:      kennysheep_goblin_castle, minitemple, uniq_sigmund

Skill      XL: |  1  2  3  4 |
---------------+-------------+-----
Conjurations   | 1 2 |  2.0
Dodging        | |  1.7
Stealth        | |  1.7
Spellcasting   | |  2.9
Poison Magic   | |  4.7

Action                   |  1- 3 |  4- 6 || total
-------------------------+-------+-------++-------
Melee: Unarmed           |     8 |    40 ||    48
       Tailslap          |    11 |     5 ||    16
       Hand axe          |   113 |       ||   113
       Spear             |       |    17 ||    17
 Cast: Sting             |    53 |    21 ||    74
Evoke: Wand              |       |     2 ||     2
  Use: Scroll            |     2 |       ||     2
       Potion            |     2 |     3 ||     5
  Eat: Chunk             |     2 |       ||     2
       Royal jelly       |     1 |       ||     1
Armor: Skin              |    81 |    24 ||   105
Dodge: Dodged            |   121 |    37 ||   158
